Map: Templo Congelado

Players

TheZergLord - Winner!

  • Race: Zerg Zerg
  • League: Master

GOLDuX

  • Race: Protoss Protoss
  • League: Master

VOD

Have the link to the VOD?

Description

Time

  • Played on: May 3, 2016, 11:29 a.m.
  • Length: 11:40
Show
View Real Time Build Order
Export as new Build Order

TheZergLord Zerg - Winner!

Build Orders: Hatch First 

Get SALT Encoding   

  12  0:01  Drone  
  13  0:13  Overlord  
  13  0:17  Drone  
  14  0:33  Drone x2  
  16  0:36  Drone  
  17  0:52  Hatchery  
  17  0:56  Drone  
  17  1:00  Drone  
  18  1:10  Extractor  
  17  1:15  Spawning Pool  
  17  1:18  Drone  
  17  1:21  Drone  
  18  1:30  Drone  
  19  1:48  Overlord  
  19  2:02  Hatchery  
  20  2:09  Queen  
  20  2:10  Drone  
  20  2:12  Zergling x2  
  20  2:15  Drone  
  23  2:19  Drone  
  24  2:25  Metabolic Boost  
  24  2:29  Drone  
  25  2:33  Drone  
  25  2:36  Drone  
  27  2:39  Drone  
  28  2:47  Queen  
  30  2:52  Drone  
  30  2:53  Drone  
  32  2:59  Pneumatized Carapace  
  32  3:06  Zergling x6  
  32  3:09  Zergling x2  
  36  3:15  Queen  
  37  3:24  Overlord  
  37  3:26  Drone x3  
  40  3:31  Drone  
  40  3:49  Spore Crawler  
  40  3:52  Drone x8  
  48  4:01  Overlord  
  48  4:02  Drone x2  
  50  4:05  Baneling Nest  
  50  4:07  Evolution Chamber, Overlord  
  48  4:12  Overlord  
  48  4:13  Drone  
  48  4:14  Drone  
  50  4:24  Drone x2  
  50  4:25  Drone x3  
  50  4:27  Extractor  
  50  4:28  Drone  
  55  4:32  Zergling x8  
  55  4:34  Overlord  
  59  4:39  Spore Crawler  
  59  4:42  Drone, Spore Crawler  
  58  4:46  Zerg Melee Weapons Level 1, Spore Crawler  
  58  4:49  Baneling  
  58  4:50  Baneling x3  
  58  4:51  Baneling  
  57  5:01  Overlord  
  57  5:02  Zergling x4  
  57  5:03  Zergling x4  
  57  5:04  Drone x3  
  63  5:10  Drone x4  
  63  5:12  Drone x2  
  69  5:23  Drone x3  
  69  5:24  Drone x4  
  76  5:35  Hatchery  
  76  5:36  Lair  
  75  5:46  Overlord  
  75  5:47  Drone x6  
  75  5:48  Drone x3  
  75  5:49  Drone  
  82  6:09  Drone x8  
  82  6:10  Extractor  
  88  6:11  Extractor  
  88  6:13  Extractor  
  88  6:14  Zergling x8, Extractor  
  88  6:16  Overlord x3  
  89  6:29  Overlord x5  
  89  6:37  Evolution Chamber  
  88  6:40  Infestation Pit  
  87  6:50  Zerg Melee Weapons Level 2, Centrifical Hooks  
  87  6:51  Queen  
  89  7:06  Zergling x16  
  89  7:07  Zergling x14  
  102  7:08  Zerg Ground Armor Level 1  
  102  7:20  Hive  
  102  7:21  Spire  
  101  7:35  Drone x13  
  114  7:43  Queen x2  
  117  7:59  Zergling x2  
  117  8:00  Hatchery, Zergling x22, Extractor  
  117  8:01  Extractor  
  126  8:14  Zergling x2  
  126  8:15  Zergling x16  
  126  8:19  Queen  
  138  8:20  Baneling  
  138  8:21  Baneling x18  
  138  8:27  Overlord x2  
  136  8:36  Adrenal Glands, Greater Spire  
  135  8:45  Overlord x3  
  135  8:47  Zergling x20  
  135  8:48  Zergling x8  
  149  8:55  Drone x4  
  153  9:02  Drone  
  154  9:03  Spore Crawler  
  154  9:06  Zerg Ground Armor Level 2  
  153  9:10  Overlord  
  153  9:11  Zergling x8  
  153  9:15  Queen  
  159  9:22  Overseer  
  158  9:40  Corruptor x5  
  158  9:41  Corruptor x3  
  158  9:44  Zergling x2  
  158  9:45  Zergling x18  
  182  10:08  Ultralisk Cavern  
  182  10:11  Brood Lord  
  182  10:12  Brood Lord x3  
  182  10:13  Brood Lord x3  
  182  10:14  Brood Lord  
  197  10:30  Drone x2  
  199  10:48  Extractor  
  192  11:09  Drone  
  192  11:10  Corruptor x2  
  192  11:11  Corruptor  
  199  11:24  Baneling  
  199  11:25  Baneling x10  
Show
View Real Time Build Order
Export as new Build Order

GOLDuX Protoss 

Build Orders: 1 Gate Expand 

Get SALT Encoding   

  12  0:01  Probe (Chrono Boost)  
  13  0:11  Probe (Chrono Boost)  
  14  0:21  Pylon  
  14  0:25  Probe (Chrono Boost)  
  15  0:40  Probe (Chrono Boost), Gateway  
  16  0:50  Probe (Chrono Boost)  
  17  1:01  Probe (Chrono Boost)  
  18  1:11  Probe (Chrono Boost)  
  19  1:19  Nexus  
  19  1:27  Probe (Chrono Boost), Assimilator  
  20  1:33  Assimilator  
  20  1:37  Probe (Chrono Boost)  
  21  1:44  Cybernetics Core  
  21  1:48  Probe (Chrono Boost)  
  22  1:55  Pylon  
  22  1:58  Probe (Chrono Boost)  
  23  2:13  Probe (Chrono Boost)  
  24  2:27  Mothership Core (Chrono Boost)  
  26  2:31  Adept (Chrono Boost)  
  26  2:34  Probe (Chrono Boost)  
  26  2:35  Warp Gate (Chrono Boost)  
  29  2:37  Pylon  
  29  2:46  Probe x2  
  31  2:56  Probe  
  31  2:58  Probe  
  33  2:59  Adept (Chrono Boost)  
  35  3:07  Probe  
  35  3:10  Probe  
  35  3:11  Gateway x2  
  37  3:17  Probe  
  38  3:22  Probe  
  39  3:28  Probe  
  39  3:34  Stargate, Probe  
  40  3:38  Probe  
  42  3:46  Probe  
  43  3:49  Probe  
  43  3:54  Assimilator  
  42  3:56  Assimilator  
  42  3:57  Pylon  
  42  3:58  Probe  
  42  3:59  Probe, Adept x2  
  42  4:00  Adept  
  50  4:10  Probe x2  
  50  4:11  Pylon  
  52  4:20  Oracle (Chrono Boost), Pylon  
  52  4:23  Probe  
  56  4:25  Probe  
  57  4:35  Probe  
  57  4:37  Probe, Stalker  
  57  4:38  Stalker x2  
  65  4:47  Probe  
  66  4:54  Probe  
  66  5:07  Probe x2  
  66  5:09  Adept x2  
  66  5:11  Zealot  
  74  5:16  Twilight Council  
  74  5:19  Probe  
  74  5:20  Nexus  
  75  5:24  Pylon  
  75  5:33  Probe  
  75  5:34  Probe  
  77  5:51  Probe x2  
  77  5:55  Robotics Facility  
  79  6:02  Forge  
  80  6:04  Probe x2, Forge  
  80  6:05  Pylon  
  80  6:06  Gateway  
  80  6:07  Gateway  
  80  6:10  Gateway  
  81  6:16  Probe, Pylon  
  82  6:21  Pylon  
  82  6:26  Probe  
  82  6:28  Probe  
  82  6:31  Sentry x2  
  88  6:33  Adept  
  88  6:36  Charge  
  88  6:38  Protoss Ground Weapons Level 1 (Chrono Boost), Protoss Ground Armor Level 1 (Chrono Boost)  
  90  6:40  Photon Cannon  
  90  6:50  Probe x3  
  93  6:57  Stalker  
  94  7:13  Probe  
  94  7:14  Probe x2  
  97  7:20  Assimilator  
  97  7:22  Assimilator  
  97  7:29  Photon Cannon  
  97  7:35  Photon Cannon  
  97  7:38  Observer  
  98  7:49  Probe  
  98  7:50  Probe x2  
  100  7:56  Robotics Facility  
  100  8:00  Templar Archives  
  100  8:03  Gateway  
  100  8:04  Gateway  
  100  8:08  Zealot x3  
  106  8:14  Gateway  
  106  8:29  Zealot x3  
  112  8:39  Protoss Ground Weapons Level 2 (Chrono Boost), Protoss Ground Armor Level 2 (Chrono Boost)  
  110  8:49  Immortal x2  
  110  8:52  High Templar x2  
  110  8:53  High Templar  
  124  8:57  Pylon  
  124  8:59  Pylon x2  
  124  9:01  Archon, Pylon  
  124  9:03  Pylon  
  124  9:04  High Templar  
  124  9:11  Gateway  
  124  9:16  Gateway  
  124  9:17  Archon  
  124  9:20  High Templar x5  
  134  9:28  Warp Prism  
  134  9:29  Immortal  
  140  9:48  Archon  
  140  9:49  Archon  
  140  9:50  High Templar  
  142  9:53  Zealot x2  
  142  9:54  Zealot x6  
  142  9:57  Pylon x2  
  142  9:58  Pylon  
  142  9:59  Pylon x2  
  158  10:00  Archon  
  158  10:07  Observer  
  155  10:08  Immortal  
  159  10:16  Psionic Storm  
  159  10:17  Photon Cannon  
  159  10:18  Photon Cannon  
  159  10:19  Photon Cannon  
  159  10:21  Pylon  
  159  10:23  Pylon  
  159  10:28  Immortal  
  163  10:30  Nexus  
  162  10:41  Pylon  
  162  10:43  Pylon  
  154  11:05  High Templar x4  
  170  11:14  Dark Shrine  
  170  11:15  Photon Cannon  
  170  11:17  Photon Cannon  
  170  11:18  Gateway  
  170  11:19  Gateway  
  170  11:24  Assimilator  
  170  11:25  Assimilator  
Tags
 
Add a new tag
Caveats
  • Supply blocks, unpowered buildings, or Contaminate may cause inaccurate times.
  • Supply counts are checked every 10 seconds.